[Event "*** Titled Tuesday 3|2 Blitz"]
[Site "Chess.com"]
[Date "2016.10.04"]
[Round "7"]
[White "OparinGrigoriy"]
[Black "dretch"]
[Result "0-1"]
[WhiteElo "2591"]
[BlackElo "2646"]
[TimeControl "180+2"]
[EndTime "12:28:01 PDT"]
[Termination "dretch won by checkmate"]

1. e4 e6 2. d4 d5 3. Nc3 Nf6 4. Bg5 dxe4 5. Nxe4 Be7 6. Bxf6 Bxf6 7. Nf3 Nd7 8. Bd3 c5 9. Nxf6+ Qxf6 10. c3 O-O 11. O-O Rd8 12. Qe2 cxd4 13. Nxd4 Nf8 14.
Rad1 Bd7 15. Be4 Rab8 16. Rd2 Ba4 17. b3 Be8 18. Rfd1 b6 19. g3 g6 20. Bg2 Rd6 21.
Nf5 Rxd2 22. Nh6+ Kh8 23. Qxd2 Rc8 24. c4 Qg7 25. Ng4 f5 26. Ne3 Qe7 27. h4 Kg8 28. Qe1 Qc7 29. Nc2 Rd8 30. Bf3 Rxd1 31. Qxd1 Bc6 32.
Nd4 Bxf3 33. Qxf3 Qe5 34. Nc6 Qc7 35. Nd4 Qe5 36. Qd3 a6 37. Nf3 Qa1+ 38. Kg2 Qxa2 39. Qe3 Qa5 40. Ne5 Qc5 41. Qc3 a5 42. Nd3 Qc6+ 43. Kg1 Nd7 44. Qd4 Qc7 45. Nf4 Nf8 46. h5 g5 47. Nd3 Qd7 48. Qe3 h6 49. Ne5 Qd1+ 50. Kg2 Qd6 51. Kh2 Kg7 52. Nd3 Nd7 53. f4 g4 54. Ne5 Nc5 55. Ng6 Ne4 56. Ne5 Kf6 57. Qxb6 Qd2+ 58. Kg1 Qe1+ 59. Kg2 Qxg3+ 60. Kf1 Qxf4+ 61. Ke2 Qd2+ 62. Kf1 Kxe5 63. Qc7+ Kd4 64. Qb6+ Kc3 65. Qxa5+ Kxb3 66. Qb5+ Kc3 67. Qa4 Qf2# 0-1

[Event "*** Titled Tuesday 3|2 Blitz"]
[Site "Chess.com"]
[Date "2016.10.04"]
[Round "7"]
[White "oskariot"]
[Black "AdrianaNikolova"]
[Result "0-1"]
[WhiteElo "2370"]
[BlackElo "2263"]
[TimeControl "180+2"]
[EndTime "12:28:05 PDT"]
[Termination "AdrianaNikolova won by resignation"]

1. e4 c5 2. Nf3 Nc6 3. d4 cxd4 4.
Nxd4 d6 5. c4 Nf6 6. Nc3 e5 7.
Nc2 Be7 8. Bd3 Bg4 9. f3 Be6 10. O-O O-O 11. Kh1 Rc8 12. b3 a6 13. Bb2 Nb8 14.
Qe2 Nbd7 15. b4 Nb6 16. Ne3 Qc7 17. Rac1 Rfe8 18. Ncd5 Bxd5 19. exd5 g6 20. Qf2 Nh5 21. g3 Bf8 22. f4 Bg7 23. f5 Nf6 24. g4 Na4 25. Ba1 b5 26. g5 Nh5 27. f6 Bf8 28.
Be4 Nf4 29. Ng2 Nxg2 30. Qxg2 bxc4 31. h4 c3 32. Qf3 Qc4 33. Rf2 Qxb4 34. h5 Rc4 35.
Re2 Nc5 36. Bxc3 Qa4 37. Rce1 Nxe4 38. Rxe4 Rec8 39. hxg6 hxg6 40. R4e3 Rh4+ 41. Kg2 Rg4+ 42. Kf2 Rf4 43. R1e2 Rxf3+ 44. Rxf3 Rc4 45. Kg2 Rg4+ 46. Kf2 Rxg5 47. Rb2 Qh4+ 48. Ke3 Rg4 49. Rb8 Re4+ 50. Kd3 Rf4 51. Re3 Qxf6 52. Bb4 Qf5+ 53. Kc3 Rxb4 54.
Rxb4 Bh6 55. Rd3 e4 56. Rdd4 Bg7 57. Rb8+ Kh7 0-1

[Event "*** Titled Tuesday 3|2 Blitz"]
[Site "Chess.com"]
[Date "2016.10.04"]
[Round "7"]
[White "annakantane"]
[Black "ka1ser64"]
[Result "1/2-1/2"]
[WhiteElo "2205"]
[BlackElo "2315"]
[TimeControl "180+2"]
[EndTime "12:28:17 PDT"]
[Termination "Game drawn by agreement"]

1. e4 e6 2. c4 d5 3. cxd5 exd5 4.
exd5 Nf6 5. Nc3 Nxd5 6. Nf3 Be7 7. d4 O-O 8. Bd3 Nc6 9. O-O Bg4 10. h3 Bh5 11. Bxh7+ Kxh7 12. Ng5+ Bxg5 13. Qxh5+ Kg8 14. Bxg5 Qd6 15. Rad1 Rfe8 16. Qg4 Ndb4 17. d5 Ne5 18. Qd4 Qg6 19. Qxb4 Qxg5 20. f4 Qh4 21. Qxb7 Nc4 22. Rf3 Rab8 23. Qxc7 Nxb2 24. Rdf1 Rbc8 25. Qxa7 Nc4 26.
Qd4 Nd6 27. a4 Rc4 28. Qd3 Rec8 29. Nb5 Ne4 30. d6 Rxa4 31. d7 Rd8 32. Re3 Nf6 33. Qb3 Rxf4 34. Rfe1 Rxd7 35. Qc2 g6 36. Nc3 Rfd4 37.
Qf2 Qg5 38. R3e2 Kg7 39. Rf1 Rd3 40. Na4 Rxh3 41. Nc5 Rd6 42. Re7 Rh4 43. Ne6+ Rxe6 44. Rxe6 Nd5 45. Qxf7+ Kh6 46. Qf8+ Kh5 47. Qh8+ Kg4 48.
Qd4+ Kh5 49. Qh8+ Kg4 50. Re4+ Kg3 51. Qxh4+ Qxh4 52. Rxh4 Kxh4 53. Rd1 Ne3 54. Rd4+ Kg5 55. Kf2 Ng4+ 56. Kg3 Ne5 57. Rd5 Kf5 58. Ra5 Kf6 59. Kf4 Nd3+ 60. Ke4 Nf2+ 61. Kf3 Nd3 62. g4 Ne5+ 63.
Kf4 Nd3+ 64. Ke4 Nf2+ 65. Kf4 Nh3+ 66. Ke4 Ng5+ 67. Kf4 Ne6+ 68. Kg3 Nd4 69. Ra6+ Kg5 70. Ra5+ Kf6 71. Rd5 Ne6 72. Ra5 Nd4 73. Kf4 Ne6+ 1/2-1/2

[Event "*** Titled Tuesday 3|2 Blitz"]
[Site "Chess.com"]
[Date "2016.10.04"]
[Round "7"]
[White "VMikhalevski"]
[Black "ftorodent"]
[Result "1/2-1/2"]
[WhiteElo "2470"]
[BlackElo "2510"]
[TimeControl "180+2"]
[EndTime "12:28:35 PDT"]
[Termination "Game drawn by agreement"]

1. g3 d5 2. Nf3 c6 3. Bg2 Bg4 4. O-O Nd7 5. d3 Ngf6 6. c4 e6 7. cxd5 exd5 8. h3 Bh5 9. e4 dxe4 10. dxe4 Nc5 11. Qc2 Qd3 12. Ne1 Qxc2 13. Nxc2 Be2 14. Re1 Bd3 15. Nd4 O-O-O 16. e5 Nd5 17. Nc3 Nb4 18. Be3 Ba6 19. Red1 Nbd3 20. Rab1 Nxe5 21. b4 Ncd3 22. b5 cxb5 23. Ndxb5 Bc5 24. Bxc5 Nxc5 25.
Nxa7+ Kb8 26. Nc6+ Nxc6 27. Bxc6 Rxd1+ 28. Nxd1 Rd8 29. Ne3 Rd2 30. Bd5 Nd3 31. Rd1 Rxd1+ 32. Nxd1 f6 33. Nc3 Kc7 34. Ne4 Nb4 35. Bg8 h6 36.
Nc5 Kd6 37. Nxa6 bxa6 38. f4 Kc5 39. Kf2 Kd4 40. Kf3 a5 41. a4 Nd5 42. Kg4 Nc3 43. Bb3 Ke3 44. Kf5 Kf3 45. g4 Kg3 46. g5 hxg5 47.
fxg5 fxg5 48. Kxg5 Kxh3 49. Kg6 Kg4 50. Kxg7 Kf5 51.
Kf7 Ke5 52. Ke7 Ne4 53. Bd1 Nc5 54. Kd8 Kd6 55. Kc8 Kc6 56. Bh5 Kb6 57. Bd1 Ne4 58. Kd7 Kc5 59. Bc2 Nc3 60. Ke6 Kb4 61. Ke5 Nxa4 62.
Kd4 Nc5 63. Bd1 Nb3+ 64. Kd3 a4 65. Kc2 a3 66. Kb1 Nd2+ 67. Ka2 Ne4 68. Bc2 Nc3+ 69. Ka1 1/2-1/2

[Event "*** Titled Tuesday 3|2 Blitz"]
[Site "Chess.com"]
[Date "2016.10.04"]
[Round "7"]
[White "Semetey"]
[Black "Gergo85"]
[Result "0-1"]
[WhiteElo "2411"]
[BlackElo "2456"]
[TimeControl "180+2"]
[EndTime "12:28:48 PDT"]
[Termination "Gergo85 won by checkmate"]

1. d4 d5 2. c4 c6 3. Nc3 Nf6 4. cxd5 cxd5 5. Bf4 Nc6 6. e3 Bf5 7. Qb3 Na5 8. Qa4+ Bd7 9. Qc2 e6 10. Bd3 Nc6 11. a3 Nh5 12. Bg3 Be7 13. Bxh7 Nxg3 14.
fxg3 Bg5 15. Nf3 Bxe3 16. Qd3 Bxd4 17. Nxd4 Nxd4 18. O-O Nb3 19. Rae1 Nc5 20. Qf3 Qf6 21. Qe3 d4 22. Qd2 Qh6 23. Qxd4 Rxh7 24. h3 Rc8 25. b4 Nb3 26. Qe5 Qd2 27. Ne4 Qd4+ 28. Qxd4 Nxd4 29. Nd6+ Ke7 30. Nxc8+ Bxc8 31. Rf4 Nb5 32. a4 Nd6 33. Rc1 Bd7 34. b5 Rh5 35. g4 Rd5 36. h4 e5 37. Rb4 e4 38. g5 Rd2 39. Rc3 Kd8 40. h5 Rd5 41. h6 gxh6 42. gxh6 Rh5 43. Rd4 Rxh6 44. Rc5 Ke7 45. Rc7 Re6 46. a5 e3 47. Kf1 Kd8 48. b6 axb6 49. axb6 Ke7 50. Ke1 Ke8 51. Rd3 Bb5 52. Ra3 Ba6 53. Rxa6 bxa6 54.
Ra7 Kd8 55. Rxa6 Kc8 56. Ra7 Nb7 57. Ra8+ Kd7 58. Rf8 Re7 59. Rb8 Kc6 60. Rc8+ Kxb6 61. Rc3 Nc5 62. Ke2 Kc6 63. g4 Kd5 64. Rxe3 Rxe3+ 65. Kxe3 Ke5 66. g5 Kf5 67. Kd4 Ne6+ 68. Kd5 Nxg5 69.
Kd6 f6 70. Kd5 Ne6 71. Kc4 Ke4 72. Kc3 f5 73. Kd2 f4 74. Ke2 Nd4+ 75. Kf2 f3 76. Kf1 Ke3 77. Ke1 f2+ 78. Kf1 Nc2 79. Kg2 Ke2 80.
Kg3 f1=Q 81. Kh2 Qf8 82. Kg3 Ne3 83. Kh2 Qg7 84. Kh3 Qg4+ 85. Kh2 Qg2# 0-1

[Event "*** Titled Tuesday 3|2 Blitz"]
[Site "Chess.com"]
[Date "2016.10.04"]
[Round "7"]
[White "pKiLz5Rn9b"]
[Black "petrpalachev"]
[Result "1-0"]
[WhiteElo "2499"]
[BlackElo "2411"]
[TimeControl "180+2"]
[EndTime "12:29:03 PDT"]
[Termination "pKiLz5Rn9b won by resignation"]

1. e4 c5 2. c3 e6 3. d4 d5 4.
exd5 exd5 5. Nf3 Nc6 6. Bb5 Bd6 7.
O-O Ne7 8. dxc5 Bxc5 9. Nbd2 Bg4 10. h3 Bh5 11. Nb3 Bb6 12. Be2 O-O 13. Re1 Rc8 14.
Nfd4 Bxe2 15. Rxe2 Qd7 16. Be3 Ne5 17. Nc2 Bxe3 18.
Nxe3 Rfd8 19. Rd2 b6 20. Qh5 Qe6 21. Nd4 Qf6 22. Re1 Nc4 23. Rde2 Nxe3 24. Rxe3 g6 25. Qh6 Nc6 26. Rf3 Qg7 27. Qxg7+ Kxg7 28. Nxc6 Rxc6 29. Re7 Rf6 30. Rxf6 Kxf6 31. Rxa7 d4 32. cxd4 Rxd4 33. Rb7 Rd1+ 34. Kh2 Rd6 35. g3 h5 36. h4 Kg7 37.
Kg2 Rc6 38. b4 Rc2 39. a4 Ra2 40. Ra7 Rb2 41. b5 Rb4 42. Ra6 Kf8 43. Kf3 Ke7 44.
Ke3 f6 45. Kd3 g5 46. Kc3 Rb1 47. Rxb6 gxh4 48. gxh4 Rh1 49. a5 Rxh4 50. a6 Ra4 51. Rb7+ Kd6 52. a7 h4 53. b6 h3 54. Rh7 Kc6 55.
Rh8 h2 56. Rxh2 Kxb6 57. Rh7 Ra2 58. f4 Ra4 59. Kd3 Kc6 60. Rf7 Kd5 61. Rd7+ Ke6 62. Rb7 Kf5 63. Kc3 Ra1 64. Kb2 Ra6 65. Kb3 Kxf4 66. Rb4+ Kg3 67. Ra4 Rxa7 68. Rxa7 f5 69. Rg7+ Kf2 70. Kc2 f4 71. Kd3 f3 72. Rf7 Kg2 73. Ke3 f2 74. Rxf2+ Kg1 1-0

[Event "*** Titled Tuesday 3|2 Blitz"]
[Site "Chess.com"]
[Date "2016.10.04"]
[Round "7"]
[White "Tash_Boy"]
[Black "ChessSkool"]
[Result "0-1"]
[WhiteElo "2443"]
[BlackElo "2478"]
[TimeControl "180+2"]
[EndTime "12:29:46 PDT"]
[Termination "ChessSkool won by resignation"]

1. e4 c6 2. d4 d5 3. Nd2 dxe4 4.
Nxe4 Nf6 5. Nxf6+ exf6 6. c3 Bd6 7.
Bd3 Nd7 8. Ne2 Qc7 9. Qc2 Nf8 10.
Be3 Be6 11. O-O-O Ng6 12. Kb1 O-O 13. h4 Rfe8 14. h5 Nf8 15. Rh4 a5 16. g4 h6 17.
Bc1 a4 18. f4 Qa5 19. c4 b5 20.
c5 Be7 21. f5 Bc4 22. Bxc4 bxc4 23. Qxc4 Bd8 24. Nc3 Bc7 25. Rh3 a3 26. b3 Rad8 27. Qa4 Qxa4 28. bxa4 Ba5 29. Kc2 Nd7 30. Bxa3 Bxc3 31. Kxc3 Ne5 32. Rg3 Nd7 33. a5 Ra8 34. Bb4 Nb8 35. Rdd3 Na6 36. a3 Nc7 37. Kc4 Nd5 38. Rd2 Re4 39. Kd3 Re1 40. Kc2 Kf8 41.
Kb3 Rb1+ 42. Kc2 Re1 43. Rf2 Re4 44. Rd2 Re1 45. Kb2 Re4 46. Rgg2 Nf4 47. Rgf2 Ke8 48. d5 Nxd5 49. Rfe2 Re5 50. Rxe5+ fxe5 51. Kb3 Kd7 52.
Kc4 f6 53. Rxd5+ cxd5+ 54. Kxd5 Kc7 55. Ke6 Kc6 56. Kf7 Ra7+ 57. Ke6 e4 58. Bd2 Ra8 59.
Kf7 Ra7+ 60. Ke6 Rb7 61. Bb4 e3 62. Be1 e2 63. a6 Ra7 64. g5 fxg5 65. f6 gxf6 66.
Kxf6 Kd5 67. Kf5 Rxa6 68. Kg4 Rxa3 69. c6 Kxc6 0-1

[Event "*** Titled Tuesday 3|2 Blitz"]
[Site "Chess.com"]
[Date "2016.10.04"]
[Round "8"]
[White "Rating-Schmating"]
[Black "filali-oujda"]
[Result "1-0"]
[WhiteElo "2217"]
[BlackElo "2296"]
[TimeControl "180+2"]
[EndTime "12:34:37 PDT"]
[Termination "Rating-Schmating won on time"]

1. e4 c6 2. Nf3 d5 3. Nc3 dxe4 4. Nxe4 Nf6 5. Nxf6+ exf6 6. d3 Bd6 7. Be2 O-O 8.
O-O Bf5 9. Nh4 Be6 10. Bg4 Bxg4 11. Qxg4 Qd7 12. Qxd7 Nxd7 13. Nf5 Bc7 14. Be3 Rfe8 15. Rfe1 Ne5 16. h3 Rad8 17. Rad1 1-0

[Event "*** Titled Tuesday 3|2 Blitz"]
[Site "Chess.com"]
[Date "2016.10.04"]
[Round "8"]
[White "hansen"]
[Black "pKiLz5Rn9b"]
[Result "1-0"]
[WhiteElo "2636"]
[BlackElo "2494"]
[TimeControl "180+2"]
[EndTime "12:34:39 PDT"]
[Termination "hansen won by resignation"]

1. e4 e6 2. d4 d5 3. Nc3 Nf6 4. Bg5 Be7 5. e5 Nfd7 6. h4 h6 7.
Be3 c5 8. dxc5 Nc6 9. Qg4 Ndxe5 10.
Qxg7 Bf6 11. Qg3 d4 12. O-O-O Qe7 13. Bxd4 Nxd4 14. Rxd4 Qxc5 15. Bb5+ Ke7 16. Nge2 a6 17. Ne4 Qxb5 18. Qa3+ 1-0

[Event "*** Titled Tuesday 3|2 Blitz"]
[Site "Chess.com"]
[Date "2016.10.04"]
[Round "8"]
[White "brightthunder"]
[Black "chessbia"]
[Result "1-0"]
[WhiteElo "2375"]
[BlackElo "2042"]
[TimeControl "180+2"]
[EndTime "12:34:56 PDT"]
[Termination "brightthunder won by resignation"]

1. e4 e5 2. Nf3 Nc6 3. Bb5 a6 4. Ba4 Nf6 5. O-O Be7 6. Re1 b5 7. Bb3 O-O 8. h3 Bb7 9. d3 h6 10. Nbd2 d6 11. c3 Nd7 12. Nf1 Bf6 13. Ne3 Na5 14.
Bc2 c5 15. Ng4 Re8 16. d4 cxd4 17. cxd4 Rc8 18. d5 Qc7 19. Bb1 Nc4 20. b3 Ncb6 21.
Bd2 Be7 22. Bd3 Nc5 23. Rc1 Qd7 24. Bb1 Bf8 25. Bxh6 gxh6 26. Nf6+ 1-0

[Event "*** Titled Tuesday 3|2 Blitz"]
[Site "Chess.com"]
[Date "2016.10.04"]
[Round "8"]
[White "jncool68"]
[Black "Paralinch"]
[Result "0-1"]
[WhiteElo "2470"]
[BlackElo "2591"]
[TimeControl "180+2"]
[EndTime "12:35:05 PDT"]
[Termination "Paralinch won by resignation"]

1. e4 c6 2. d4 d5 3. e5 Bf5 4. h4 Qb6 5. c3 e6 6. Nd2 h5 7. Nb3 Nd7 8. Nf3 c5 9. dxc5 Bxc5 10. Nxc5 Qxc5 11. Be3 Qc7 12. Qd4 Ne7 13. Bb5 Nc6 14.
Bxc6 bxc6 15. b4 Bg4 16. Bf4 Bxf3 17. gxf3 c5 18. Qe3 cxb4 19. cxb4 Qc4 20. a3 Rc8 21. Bg5 d4 22. Qe4 O-O 23. Rc1 Qxc1+ 24. Bxc1 Rxc1+ 25. Ke2 Rxh1 26. Qxd4 Nb6 27. f4 Rxh4 28. Kf3 Rc8 29. a4 Nd5 30. Qxa7 Rxf4+ 31. Kg2 Rxb4 32. a5 Rg4+ 33. Kh2 Nf4 34. Qe3 Rh4+ 35. Kg1 Rg4+ 36. Kh2 Rc2 37. a6 Rg2+ 38. Kh1 Rcxf2 0-1

[Event "*** Titled Tuesday 3|2 Blitz"]
[Site "Chess.com"]
[Date "2016.10.04"]
[Round "8"]
[White "wannabe2700"]
[Black "RamonManon0g"]
[Result "1-0"]
[WhiteElo "2316"]
[BlackElo "2217"]
[TimeControl "180+2"]
[EndTime "12:35:16 PDT"]
[Termination "wannabe2700 won by resignation"]

1. e4 c5 2. Nf3 d6 3. d4 cxd4 4. Nxd4 Nf6 5. Nc3 a6 6. Nb3 e5 7. Bg5 Be7 8. Bc4 O-O 9. O-O Qc7 10. Bxf6 Bxf6 11. Qe2 Be6 12. Nd5 Bxd5 13. Bxd5 Nd7 14.
c4 Bg5 15. g3 Rac8 16. f4 exf4 17. gxf4 Bf6 18. Rac1 Rfe8 19. Kh1 Nf8 20. c5 dxc5 21.
Nxc5 Qd6 22. Nxb7 Qxd5 23. exd5 Rxe2 24. Rxc8 Rxb2 25. Nc5 Rc2 26. d6 g6 27. d7 Kg7 28.
Ne4 1-0

[Event "*** Titled Tuesday 3|2 Blitz"]
[Site "Chess.com"]
[Date "2016.10.04"]
[Round "8"]
[White "pedromartinez91"]
[Black "Holden-Caulfield"]
[Result "0-1"]
[WhiteElo "2336"]
[BlackElo "2477"]
[TimeControl "180+2"]
[EndTime "12:35:52 PDT"]
[Termination "Holden-Caulfield won by resignation"]

1. Nf3 d6 2. d4 Nf6 3. g3 Nbd7 4. Bg2 e5 5. O-O c6 6. c4 Be7 7. Nc3 O-O 8. Nh4 Re8 9. Nf5 Bf8 10. dxe5 Nxe5 11. b3 Bxf5 12. e4 Bg4 13. f3 Bc8 14.
Bb2 a5 15. Qc2 Qb6+ 16. Kh1 Nfd7 17. h3 Nc5 18. Rad1 Qc7 19. f4 Ng6 20. Kh2 Bd7 21. h4 Bg4 22. Rd2 Rad8 23. Nd1 Bxd1 24. Rfxd1 h6 25. h5 Ne7 26. f5 f6 27. Ba3 Nc8 28.
Rd4 Nd7 29. Qd2 Ne5 30. Kh1 b6 31. Qf4 Qf7 32. g4 Kh8 33. Kh2 b5 34. Kh3 bxc4 35.
bxc4 Nxc4 36. Bc1 Ne5 37. Qf2 c5 38. R4d2 Nb6 39. Rc2 Rb8 40. Bf4 Nbd7 41. Qd2 Rec8 42. Bf1 Rb4 43. Qe3 Rcb8 44. a3 Rb3 45. Bd3 c4 46.
Bxe5 Nxe5 0-1

[Event "*** Titled Tuesday 3|2 Blitz"]
[Site "Chess.com"]
[Date "2016.10.04"]
[Round "8"]
[White "Malev212"]
[Black "Dale"]
[Result "1-0"]
[WhiteElo "2348"]
[BlackElo "2085"]
[TimeControl "180+2"]
[EndTime "12:36:18 PDT"]
[Termination "Malev212 won by checkmate"]

1. Nf3 Nf6 2. g3 g6 3. b3 Bg7 4. Bb2 O-O 5. Bg2 c5 6. c4 Nc6 7.
O-O b6 8. d4 cxd4 9. Nxd4 Bb7 10. Nc3 Nxd4 11. Bxb7 Nf5 12. Bxa8 Qxa8 13. Rb1 e6 14. Re1 Ng4 15. e4 Nfh6 16. h3 Ne5 17. f4 Nc6 18. Nb5 e5 19. Qd2 a6 20. Nd6 Nd4 21. Bxd4 exd4 22. e5 Kh8 23. Qxd4 b5 24. c5 Qc6 25. b4 a5 26. Qe4 Qc7 27. a3 axb4 28. axb4 f6 29. exf6 Bxf6 30. Rbd1 Qa7 31. g4 Bc3 32. Re3 Qa4 33. Rb1 Bd2 34. Qd4+ Kg8 35.
Qxd2 Qa8 36. Re4 Kh8 37. Rbe1 Nxg4 38. hxg4 Kg7 39. Qd4+ Kg8 40. Re7 Rf7 41. Rxf7 Qf8 42. Rxf8+ Kxf8 43. Qh8# 1-0

[Event "*** Titled Tuesday 3|2 Blitz"]
[Site "Chess.com"]
[Date "2016.10.04"]
[Round "8"]
[White "BellJackson95"]
[Black "Kouzari"]
[Result "0-1"]
[WhiteElo "2319"]
[BlackElo "2436"]
[TimeControl "180+2"]
[EndTime "12:36:18 PDT"]
[Termination "Kouzari won by resignation"]

1. e4 c5 2. Nf3 e6 3. d4 cxd4 4. Nxd4 a6 5. Nc3 Qc7 6. Qf3 Nc6 7. Nxc6 bxc6 8. Qg3 Qxg3 9. hxg3 d5 10. Na4 Nf6 11. Nb6 Rb8 12. Nxc8 Rxc8 13. Bxa6 Rb8 14. exd5 cxd5 15.
a3 Bc5 16. Bd3 Bd4 17. c3 Be5 18. Ke2 Ke7 19. a4 Nd7 20. Ra2 Nc5 21. Bc2 h6 22. b4 Na6 23. Bf4 Bxf4 24. gxf4 Rhc8 25. Bd3 Rxc3 26.
Bxa6 Rxb4 27. Bd3 Rxf4 28. a5 e5 29. a6 e4 30. a7 exd3+ 31. Kd2 Rxf2+ 32. Kxc3 Rxa2 33.
Kxd3 Rxa7 34. Kd4 Kd6 35. Rf1 Ra4+ 36. Ke3 f6 37. Rb1 Rg4 38. Kf3 Rg5 39. g4 d4 40.
Kf4 Rd5 41. Rb7 d3 42. Rxg7 d2 43. Rg6 d1=Q 44. Rxf6+ Kc5 45. Rxh6 Qd2+ 0-1

[Event "*** Titled Tuesday 3|2 Blitz"]
[Site "Chess.com"]
[Date "2016.10.04"]
[Round "8"]
[White "MyleneFarmer"]
[Black "annakantane"]
[Result "0-1"]
[WhiteElo "2290"]
[BlackElo "2231"]
[TimeControl "180+2"]
[EndTime "12:36:25 PDT"]
[Termination "annakantane won by resignation"]

1. e4 c5 2. Nf3 e6 3. g3 Nc6 4.
Bg2 e5 5. O-O d6 6. Nc3 g6 7. d3 Bg7 8. Nd5 Be6 9. c4 h6 10.
Re1 Nge7 11. Rb1 O-O 12. a3 a5 13. Nd2 Nd4 14. Nxe7+ Qxe7 15. b4 axb4 16. axb4 cxb4 17.
Rxb4 Ra2 18. Nf1 Nc2 19. Rb2 Rxb2 20. Bxb2 Nxe1 21. Qxe1 Ra8 22. Ne3 Qc7 23. h4 Qb6 24. Bc3 h5 25. Nf1 Bh6 26. Qd1 Ra3 27. Bd2 Bxd2 28.
Qxd2 Qd4 29. Ne3 Qxd3 30. Qb4 Ra1+ 31. Kh2 Rb1 32. Qa5 Rb2 33. Qd8+ Kg7 34. Kg1 Qd2 0-1

[Event "*** Titled Tuesday 3|2 Blitz"]
[Site "Chess.com"]
[Date "2016.10.04"]
[Round "8"]
[White "DavitZarkua"]
[Black "FrankieJay"]
[Result "1-0"]
[WhiteElo "2502"]
[BlackElo "2193"]
[TimeControl "180+2"]
[EndTime "12:36:54 PDT"]
[Termination "DavitZarkua won by checkmate"]

1. e4 c6 2. c4 d5 3. exd5 cxd5 4. d4 Nf6 5. Nc3 Nc6 6. Bg5 Be6 7.
a3 g6 8. Bxf6 exf6 9. cxd5 Bxd5 10. Qe2+ Ne7 11. Nxd5 Qxd5 12. Qb5+ Qxb5 13. Bxb5+ Kd8 14.
Bc4 Rc8 15. Bxf7 Rc2 16. Nf3 Rxb2 17. O-O Nf5 18. Be6 Nd6 19. Rfe1 Bg7 20. Rac1 Re8 21.
h4 Re7 22. d5 f5 23. Bg8 Ne4 24. Bxh7 Rb6 25. h5 gxh5 26. Bxf5 Nc3 27. Be6 Rb3 28.
Nd2 Rxa3 29. Nc4 Ra6 30. Ne5 Bxe5 31. Rxe5 Nb5 32. Rc8# 1-0

[Event "*** Titled Tuesday 3|2 Blitz"]
[Site "Chess.com"]
[Date "2016.10.04"]
[Round "8"]
[White "Blitzstream"]
[Black "Ar4uha"]
[Result "0-1"]
[WhiteElo "2539"]
[BlackElo "2489"]
[TimeControl "180+2"]
[EndTime "12:37:06 PDT"]
[Termination "Ar4uha won by resignation"]

1. d4 Nf6 2. Bg5 Ne4 3. Bh4 c5 4. f3 g5 5. fxe4 gxh4 6. e3 Bh6 7. Kf2 Qb6 8. Nc3 cxd4 9. exd4 e6 10. Nf3 Nc6 11. Bb5 Bg7 12. Bxc6 dxc6 13. e5 Bd7 14. Ne4 O-O-O 15. Nd6+ Kb8 16. Nxf7 Rhf8 17. Nxd8 Qxd8 18. Rf1 h3 19. g3 Qb6 20. Kg1 c5 21. Qd3 Bc6 22.
Qxh7 cxd4 23. Qxg7 d3+ 24. Rf2 Rxf3 25. Qg8+ Kc7 26.
Qg7+ Kb8 27. Qg8+ Kc7 28. Qg7+ Bd7 29. Rf1 d2 30. Qe7 Qxf2+ 31. Rxf2 d1=Q+ 0-1

[Event "*** Titled Tuesday 3|2 Blitz"]
[Site "Chess.com"]
[Date "2016.10.04"]
[Round "8"]
[White "Kawhi_Leonard2"]
[Black "HovmoellerHest"]
[Result "0-1"]
[WhiteElo "1980"]
[BlackElo "2293"]
[TimeControl "180+2"]
[EndTime "12:37:09 PDT"]
[Termination "HovmoellerHest won by resignation"]

1. e4 c5 2. Nf3 d6 3. d4 cxd4 4. Nxd4 Nf6 5. Nc3 a6 6. Be2 e5 7. Nb3 Be7 8. O-O Be6 9. Qd3 b5 10. a4 b4 11. Nd5 Bxd5 12. exd5 a5 13. c4 Nbd7 14. Be3 O-O 15. Rac1 Nc5 16. Nxc5 dxc5 17. Bf3 Bd6 18. Bg5 h6 19. Bh4 g5 20. Bg3 Qd7 21. Rce1 Rae8 22. Re3 Qxa4 23. Rfe1 Qd7 24. Bxe5 Bxe5 25.
Rxe5 Rxe5 26. Rxe5 a4 27. h4 g4 28. Bd1 Ra8 29. Qe3 Kg7 30. Qxc5 a3 31. bxa3 bxa3 32. Re7 Qxe7 33. Qxe7 a2 0-1

[Event "*** Titled Tuesday 3|2 Blitz"]
[Site "Chess.com"]
[Date "2016.10.04"]
[Round "8"]
[White "macko06"]
[Black "cstefan"]
[Result "1-0"]
[WhiteElo "2127"]
[BlackElo "1998"]
[TimeControl "180+2"]
[EndTime "12:37:11 PDT"]
[Termination "macko06 won by resignation"]

1. d4 Nf6 2. c4 c5 3. d5 e5 4. Nc3 d6 5. e4 Be7 6. Nf3 Nbd7 7. Be2 Nf8 8. O-O Ng6 9. g3 Bh3 10.
Re1 h6 11. Bf1 Bd7 12. Bg2 a6 13. a4 b6 14. Bd2 O-O 15. Qc1 Kh7 16. h4 Rb8 17.
Nh2 b5 18. axb5 axb5 19. cxb5 Bxb5 20. Nxb5 Rxb5 21. Bf1 Rb3 22. Bc4 Rb8 23. Rb1 Qd7 24.
b3 Bd8 25. Ra1 Ng8 26. Ra6 Rb6 27. Rxb6 Bxb6 28. Qa3 f5 29. Qa6 Bd8 30. Qc6 Qf7 31. Qxd6 fxe4 32. Be3 N6e7 33. Qe6 Nf5 34. Qxf7 Rxf7 35.
Bxc5 Nf6 36. d6 Rf8 37. Be6 Nd4 38. Bc4 Nd7 39. b4 Bb6 40. Bxb6 Nxb6 41. Ba2 Ra8 42. Bb1 Ra1 43. Bxe4+ g6 44. Rxa1 1-0

[Event "*** Titled Tuesday 3|2 Blitz"]
[Site "Chess.com"]
[Date "2016.10.04"]
[Round "8"]
[White "sandropozo"]
[Black "josiwales"]
[Result "1-0"]
[WhiteElo "2373"]
[BlackElo "2221"]
[TimeControl "180+2"]
[EndTime "12:37:15 PDT"]
[Termination "sandropozo won by resignation"]

1. d4 Nf6 2. c4 g6 3. Nf3 Bg7 4.
g3 O-O 5. Bg2 d6 6. O-O Nbd7 7.
Nc3 c6 8. e4 e5 9. h3 Ne8 10.
Re1 Qc7 11. Be3 h6 12. Qc2 Kh7 13. Rad1 f6 14. b3 Rf7 15. Rd2 Nf8 16. Red1 f5 17. dxe5 dxe5 18. Rd8 Qe7 19. Bc5 Qxc5 20. Rxe8 Re7 21.
Rdd8 Ne6 22. exf5 Nf4 23. fxg6+ Nxg6 24. Nh4 e4 25. Bxe4 Bf5 26. Bxf5 1-0

[Event "*** Titled Tuesday 3|2 Blitz"]
[Site "Chess.com"]
[Date "2016.10.04"]
[Round "8"]
[White "ka1ser64"]
[Black "Grootneus"]
[Result "0-1"]
[WhiteElo "2295"]
[BlackElo "2009"]
[TimeControl "180+2"]
[EndTime "12:37:24 PDT"]
[Termination "Grootneus won by resignation"]

1. d4 Nf6 2. c4 c5 3. d5 b5 4.
cxb5 a6 5. bxa6 g6 6. b3 Bg7 7. Bb2 O-O 8. g3 Nxa6 9. Bg2 d6 10. Nh3 Bb7 11. Nf4 g5 12. Nh3 h6 13. a3 Nc7 14.
e4 Ba6 15. f3 Qd7 16. Kf2 Nxe4+ 17. fxe4 Bxb2 18. Ra2 Bd4+ 19. Ke1 Rfb8 20. Nf2 Qb5 21.
Nd2 Qa5 22. Bf1 Nb5 23. b4 cxb4 24. Nc4 Qc7 25. axb4 Nc3 26. Qxd4 Nxa2 27. Bd3 Nxb4 28. Nb2 Bxd3 29. Nfxd3 Nc2+ 0-1

[Event "*** Titled Tuesday 3|2 Blitz"]
[Site "Chess.com"]
[Date "2016.10.04"]
[Round "8"]
[White "stefanodinn"]
[Black "Sven_Tica"]
[Result "0-1"]
[WhiteElo "2221"]
[BlackElo "2385"]
[TimeControl "180+2"]
[EndTime "12:37:29 PDT"]
[Termination "Sven_Tica won by resignation"]

1. Nf3 d5 2. d4 e6 3. c4 Nf6 4. Bg5 Be7 5. e3 Nbd7 6. Nc3 h6 7. Bh4 O-O 8. Bd3 dxc4 9. Bxc4 a6 10. a4 b6 11. O-O Bb7 12. Qe2 c5 13. Rfd1 cxd4 14. Nxd4 Qc8 15. Rac1 Rd8 16. Nxe6 fxe6 17. Bxe6+ Kh8 18. Nd5 Qxc1 19. Rxc1 Bxd5 20. Bxd5 Nxd5 21.
Bxe7 Nxe7 22. h4 Nc5 23. a5 Nb3 24. Rc7 Nd5 25. axb6 Nxc7 26. bxc7 Re8 27. Qc2 Na5 28. b4 Nb7 29. Qc6 a5 30. Qxb7 a4 31. Qc6 a3 32.
Qc3 a2 33. Qa1 Rec8 34. Kh2 Rxc7 35. e4 Rc1 36. Qxc1 a1=Q 0-1

[Event "*** Titled Tuesday 3|2 Blitz"]
[Site "Chess.com"]
[Date "2016.10.04"]
[Round "8"]
[White "cassoulet"]
[Black "MFBerna"]
[Result "0-1"]
[WhiteElo "2271"]
[BlackElo "2154"]
[TimeControl "180+2"]
[EndTime "12:37:33 PDT"]
[Termination "MFBerna won by checkmate"]

1. e4 e5 2. Nf3 Nc6 3. Bc4 Bc5 4. c3 Nf6 5. d3 d6 6. Bb3 a6 7. h3 Ba7 8. Nbd2 h6 9. Nf1 O-O 10.
Ng3 Be6 11. Bc2 d5 12. Qe2 Re8 13. O-O d4 14. c4 Bc5 15. Ba4 Nd7 16. a3 a5 17. Bd2 Qf6 18. Bxc6 bxc6 19. b4 axb4 20. axb4 Bf8 21. Nh2 g6 22. c5 h5 23. Rfc1 Kh7 24.
Nf3 Bh6 25. Bxh6 Kxh6 26. Qd2+ Kg7 27. h4 Qe7 28. Qb2 Bg4 29. Ng5 f6 30. Nf3 Bxf3 31. gxf3 Nf8 32. Kg2 Ne6 33. Rg1 Nf4+ 34. Kf1 Kh7 35.
Rd1 Qe6 36. Rh1 Ra2 37. Qc1 Rea8 38. Kg1 Nh3+ 39. Rxh3 Qxh3 40. Qc4 Kg7 41. Nh1 Ra1 42. Rc1 Qxf3 43. Ng3 R8a2 44. Nh1 Qg4+ 45. Kh2 Qxh4+ 46.
Kg2 Qg4+ 47. Kh2 Qh4+ 48. Kg2 Qg5+ 49. Ng3 h4 50. Rxa1 Qxg3+ 51. Kh1 Rxa1+ 52. Qc1 Rxc1# 0-1